 Dungeon Crawl Stone Soup version 0.17-a0-2231-gd80ca38 (webtiles) character file.

110 Ijustatesigmund the Sneak (level 4, -11/27 HPs)
             Began as an Octopode Wizard on Oct 29, 2015.
             Was an Initiate of Dithmenos.
             Mangled by kguciosek's ghost (19 damage)
             ... on level 4 of the Dungeon.
             The game lasted 00:14:01 (3761 turns).

Ijustatesigmund the Sneak (Octopode Wizard)         Turns: 3761, Time: 00:14:01

Health: -11/27     AC:  3    Str:  6    XL:     4   Next: 91%
Magic:  4/7        EV:  7    Int: 21    God:    Dithmenos [......]
Gold:   196        SH:  0    Dex: 10    Spells: 4 memorised, 1 level left

rFire  . . .     SeeInvis .     y - +3 dagger
rCold  . . .     Clarity  .     (no shield)
rNeg   . . .     SustAt   .     a - +0 hat
rPois  .         Gourm    .     (no amulet)
rElec  .         Spirit   .     (no ring)
rCorr  .         Warding  .     (no ring)
rMut   .         Stasis   .     (no ring)
MR     .....                    (no ring)
Stlth  ++++......               (no ring)
                                (no ring)
                                (no ring)
                                (no ring)

@: repel missiles, not resistant to hostile enchantments, stealthy
A: almost no armour, amphibious, 8 rings, constrict 8, thin metallic scales 1,
camouflage 1, low mp 1, gelatinous body 1, MP-powered wands
a: Renounce Religion


You were on level 4 of the Dungeon.
You worshipped Dithmenos.
Dithmenos was noncommittal.
You were hungry.

You visited 1 branch of the dungeon, and saw 4 of its levels.

You collected 196 gold pieces.

Inventory:

Hand Weapons
 y - a +3 dagger (weapon)
Armour
 a - a +0 hat (worn)
 e - a +2 large shield
Jewellery
 m - an uncursed ring of teleportation
Wands
 v - a wand of digging (10)
Scrolls
 d - a scroll of teleportation
Potions
 f - a potion of magic {unknown}
 h - a potion of invisibility
 k - a potion of degeneration {unknown}
 l - a potion of flight {unknown}
 o - a potion of cure mutation {unknown}
 p - a potion of curing
 q - a potion of resistance
 u - a potion of might {unknown}
 w - a potion of brilliance {unknown}
 x - a potion of agility {unknown}
 z - a potion of mutation
Books
 b - a book of Minor Magic

   Spells                             Type                      Level
   a - Magic Dart                     Conjuration                  1
   b - Blink                          Translocation                2
   c - Call Imp                       Summoning                    2
   d - Repel Missiles                 Charms/Air                   2
   e - Slow                           Hexes                        2
   f - Conjure Flame                  Conjuration/Fire             3
   g - Mephitic Cloud                 Conjuration/Poison/Air       3
Comestibles
 c - 2 bread rations
 g - 6 meat rations
 i - 2 beef jerkies
 j - 2 chunks of flesh
 n - 2 fruits
 t - a slice of pizza


   Skills:
 - Level 1.0 Short Blades
 - Level 2.0 Dodging
 - Level 4.6 Stealth
 - Level 3.0 Spellcasting
 - Level 2.7 Conjurations
   Level 1.0 Summonings
 - Level 1.0 Translocations
 + Level 1.2 Air Magic
 - Level 1.2 Poison Magic


You had one spell level left.
You knew the following spells:

 Your Spells              Type           Power        Failure   Level  Hunger
a - Magic Dart            Conj           ##..         6%          1    None
b - Blink                 Tloc           N/A          14%         2    ##.....
c - Repel Missiles        Chrm/Air       #.....       17%         2    ##.....
d - Mephitic Cloud        Conj/Pois/Air  ##......     24%         3    ###....


Dungeon Overview and Level Annotations

Branches:
Dungeon (4/15)
 Temple: D:4-7

Altars:
Dithmenos
Xom
The Shining One

Annotations:
D:4 kguciosek's ghost, amateur NaFi


Innate Abilities, Weirdness & Mutations

You cannot wear most types of armour.
You are amphibious.
You can wear up to eight rings at the same time.
You can use your tentacles to constrict eight enemies at once.
Your skin changes colour to match your surroundings (Stealth).
Your rubbery body absorbs attacks (AC +1).
You are partially covered in thin metallic scales (AC +2).
Your magical capacity is low (-10% MP).
You expend magic power (3 MP) to strengthen your wands.


Message History

The magic dart hits kguciosek's ghost.
Kguciosek's ghost is lightly damaged.
Casting: Magic Dart
Confirm with . or Enter, or press ? or * to list all spells.
Aiming: Magic Dart
Press: ? - help, Shift-Dir - straight line, f/p - kguciosek's ghost
Aim: kguciosek's ghost (lightly damaged)
The magic dart hits kguciosek's ghost.
Kguciosek's ghost is lightly damaged.
You barely miss kguciosek's ghost.
Kguciosek's ghost is lightly damaged.
Kguciosek's ghost barely misses you.
You are feeling hungry.
You hit kguciosek's ghost but do no damage.
The iguana bites you! Kguciosek's ghost barely misses you.
The iguana bites you!
* * * LOW HITPOINT WARNING * * *
Kguciosek's ghost hits you!!
Ouch! That really hurt!
You die...

......###....###. ......
#...## ......####..# .#
........#...# ..#
............####..# ###.
....................#
##...#
....................#
......
#................(...
.....#
#..........W@........ ....
...........l......... #..
.........##.......... #.
#............$..... ###.
##..................##...
#................#...lW.# #
#......####.........#...###
##
.....##..#####...........
... ...##
#.....##..........


You could see an iguana and kguciosek's ghost.

Vanquished Creatures
  3 gnolls (D:3)
  An ooze (D:2)
  An adder skeleton (D:3)
  A worm (D:2)
  3 giant geckos
  An orc (D:4)
  7 bats
  2 giant cockroaches
  11 hobgoblins
  11 kobolds
  A quokka (D:3)
  3 giant newts
  8 goblins
  14 rats
67 creatures vanquished.

Notes
Turn   | Place    | Note
--------------------------------------------------------------
     0 | D:1      | Ijustatesigmund the Octopode Wizard began the quest for the Orb.
     0 | D:1      | Reached XP level 1. HP: 11/11 MP: 4/4
   263 | D:1      | Reached XP level 2. HP: 6/17 MP: 1/6
   267 | D:1      | Learned a level 2 spell: Blink
   270 | D:1      | Learned a level 2 spell: Repel Missiles
   985 | D:1      | Reached XP level 3. HP: 21/21 MP: 5/7
  1374 | D:2      | Found a glowing golden altar of the Shining One.
  1677 | D:2      | Reached skill level 4 in Stealth
  2044 | D:2      | Reached XP level 4. HP: 27/27 MP: 3/8
  2167 | D:2      | Learned a level 3 spell: Mephitic Cloud
  2352 | D:3      | Found a shimmering altar of Xom.
  2441 | D:3      | Found a shadowy altar of Dithmenos.
  2449 | D:3      | Became a worshipper of Dithmenos the Shadowed
  2746 | D:3      | Reached skill level 1 in Short Blades
  2746 | D:3      | Reached skill level 1 in Poison Magic
  2870 | D:3      | Reached skill level 1 in Air Magic
  3229 | D:4      | Noticed kguciosek's ghost (amateur NaFi)
  3300 | D:4      | Noticed a phantom
  3352 | D:4      | HP: 1/27 [orc/trident (9)]
  3353 | D:4      | Gained mutation: You expend magic power (3 MP) to strengthen your wands. [potion of mutation]
  3353 | D:4      | Gained mutation: You are partially covered in thin metallic scales (AC +2). [potion of mutation]
  3353 | D:4      | Gained mutation: Your magical capacity is low (-10% MP). [potion of mutation]
  3389 | D:4      | Noticed a phantom
  3761 | D:4      | Mangled by kguciosek's ghost

Vault maps used:
D:1:      minmay_arrival_four_circles
D:2:      corexii_corridor_pit, hangedman_decor_push, hangedman_decor_growths,
          tso_metal_star
D:3:      nicolae_dithmenos_through_a_glass_darkly, old_standard_altar
D:4:      kennysheep_little_box

Action                   |  1- 3 |  4- 6 || total
-------------------------+-------+-------++-------
Melee: Unarmed           |    16 |       ||    16
       Spear             |    12 |       ||    12
       Mace              |     1 |       ||     1
       Dagger            |       |    14 ||    14
 Cast: Magic Dart        |    97 |    59 ||   156
       Repel Missiles    |     1 |     2 ||     3
       Blink             |       |     2 ||     2
       Mephitic Cloud    |       |     1 ||     1
  Use: Scroll            |     5 |     5 ||    10
       Potion            |       |     4 ||     4
 Stab: Sleeping          |     4 |     1 ||     5
  Eat: Chunk             |     3 |     4 ||     7
       Pizza             |       |     1 ||     1
